 Dungeon Crawl Stone Soup version 0.20.1-1-g8b1a95d66d (webtiles) character file.

6227 Ivernyr the Quickloader (level 10, -12/80 HPs)
             Began as a Deep Dwarf Hunter on Nov 27, 2017.
             Was a Follower of Elyvilon.
             Mangled by a spiny frog (15 damage)
             ... on level 9 of the Dungeon.
             The game lasted 00:59:29 (8530 turns).

Ivernyr the Quickloader (Deep Dwarf Hunter)         Turns: 8530, Time: 00:59:29

Health: -12/80     AC:  7    Str: 18    XL:     10   Next: 61%
Magic:  8/10       EV: 16    Int: 13    God:    Elyvilon [*.....]
Gold:   755        SH:  0    Dex: 13    Spells: 9/9 levels left

rFire    + . .     SeeInvis +   a - +1 hand crossbow
rCold    . . .     Gourm    .   (no shield)
rNeg     . . .     Faith    .   G - +2 leather armour {rF+}
rPois    .         Spirit   .   (no helmet)
rElec    .         Reflect  .   (no cloak)
rCorr    .         Harm     .   E - +0 pair of gloves
MR       +....                  (no boots)
Stlth    +.........             (no amulet)
Regen    0.0/turn               u - ring of see invisible
MPRegen  0.2/turn               C - ring of flight

@: lethally poisoned (-12 -> -89), about to teleport, non-regenerating
A: damage resistance, heal wounds, sense surroundings 2, no regeneration
a: Heal Wounds, Lesser Healing, Divine Protection, Renounce Religion, Evoke
Flight


You were on level 9 of the Dungeon.
You worshipped Elyvilon.
Elyvilon was aware of your devotion.
You were very hungry.

You visited 3 branches of the dungeon, and saw 11 of its levels.
You also visited: Ossuary.

You collected 755 gold pieces.

Inventory:

Hand Weapons
 a - a +1 hand crossbow (weapon)
 b - a +0 hand axe
Missiles
 l - 18 bolts (quivered)
Armour
 E - a +0 pair of gloves (worn)
 G - a +2 leather armour of fire resistance (worn)
Jewellery
 u - a ring of see invisible (left hand)
 C - a ring of flight (right hand)
Scrolls
 h - 6 scrolls of teleportation
 i - 5 scrolls of immolation
 k - 4 scrolls of fog
 r - 3 scrolls of magic mapping
 s - 3 scrolls of fear {unknown}
 t - 3 scrolls of recharging {unknown}
 y - a scroll of enchant armour {unknown}
 A - a scroll of noise {unknown}
 F - 3 scrolls of remove curse
 I - a scroll of vulnerability {unknown}
Potions
 c - a potion of flight {unknown}
 e - 2 potions of haste
 g - 3 potions of cancellation {unknown}
 j - a potion of berserk rage {unknown}
 m - a potion of curing {unknown}
 n - a potion of agility
 p - a potion of mutation {unknown}
 q - 2 potions of might
 v - a potion of invisibility {unknown}
 w - a potion of brilliance {unknown}
 x - 3 potions of heal wounds
 D - 2 potions of degeneration {unknown}
Books
 z - a book of Debilitation

   Spells                             Type                      Level
   a - Corona                         Hexes                        1
   b - Slow                           Hexes                        2
   c - Inner Flame                    Hexes/Fire                   3
   d - Portal Projectile              Hexes/Translocation          3
   e - Cause Fear                     Hexes                        4
   f - Leda's Liquefaction            Hexes/Earth                  4
Comestibles
 d - 4 fruits
 f - 9 bread rations
 o - 2 meat rations
 B - a royal jelly
 H - 3 chunks of flesh


   Skills:
 - Level 2.0 Fighting
 + Level 5.4 Axes
 * Level 12.1 Crossbows
 - Level 6.1 Armour
 + Level 7.5 Dodging
 - Level 1.2 Stealth
 + Level 8.6 Invocations


You had 9 spell levels left.
You didn't know any spells.

Dungeon Overview and Level Annotations

Branches:
Dungeon (9/15)             Temple (1/1) D:4            Lair (1/6) D:9
    Orc: D:9-12

Altars:
Ashenzari
Cheibriados
Dithmenos
Elyvilon
Fedhas
Gozag
Hepliaklqana
Kikubaaqudgha
Makhleb
Nemelex Xobeh
Okawaru
Qazlal
Ru
Sif Muna
Trog
Uskayaw
Vehumet
Xom
Yredelemnul
Zin
The Shining One

Shops:
D:5 }   D:9 :

Annotations:
D:7 Ivernyr's ghost, novice DDHu


Innate Abilities, Weirdness & Mutations

You are resistant to damage.
You can heal yourself by infusing magical energy.
You passively map the area around you.
You do not regenerate.


Message History

The spiny frog poisons you! The spiny frog barely misses you.
Unknown command.
As you read the scroll of teleportation, it crumbles to dust.
You feel strangely unstable.
You feel extremely sick.
The spiny frog completely misses you. x2; The spiny frog closely misses you.
You are healed.
You feel somewhat more hungry.
You feel very sick. The spiny frog misses you. The spiny frog stings you!
The spiny frog barely misses you.
You are healed.
You are feeling very hungry.
You feel very sick. The spiny frog stings you!! x2
* * * LOW HITPOINT WARNING * * *
The spiny frog stings you!
* * * LOW HITPOINT WARNING * * *
You are more poisoned.
The spiny frog poisons you! The spiny frog stings you!
You die...

# #...........##.........# #
##########+######.###### ##....#
#..## #..#### ##..# #.## ##.#
###.### ######'######
########.....#####...........####
.............).FFFh#####.###.##..
########.....###@#...#...#.#..#..
#.....# #####.#.###.#..#..
#>..รท.# #.#>#.#...#....( #.....#
#.#.#.#.#.#.#... #.....#
#...#...#...#... ####.##
###'##########.. #..# #...# ###
#.## ###.# ######'### ##'###


You could see 3 spiny frogs and a wolf.

Vanquished Creatures
  The ghost of vlindergert the Chopper, a novice MiFi (D:5)
  A spiny frog (D:9)
  A troll (D:9)
  3 hippogriffs
  A hungry ghost (D:8)
  Menkaure (D:5)
  A soldier ant (D:7)
  A water moccasin (D:8)
  2 orc warriors
  A black bear (D:8)
  8 ogres
  4 sky beasts
  4 phantoms
  3 ice beasts
  A necrophage (D:8)
  2 centaurs
  5 bullfrogs
  5 killer bees (D:8)
  A scorpion (D:6)
  3 wights (D:7)
  A howler monkey (D:6)
  2 bullfrog zombies
  2 crimson imps
  A centaur zombie (Ossuary)
  A human zombie (Ossuary)
  5 hounds
  9 orc priests
  3 jellies
  A centaur skeleton (D:8)
  5 iguanas
  8 orc wizards
  5 worker ants
  5 big kobold zombies (Ossuary)
  2 mummies (Ossuary)
  A worker ant zombie (D:7)
  9 adders
  A howler monkey skeleton (D:8)
  2 shadow imps (D:7)
  An ooze (D:1)
  3 adder skeletons
  4 worms
  6 dart slugs
  3 leopard geckos
  31 orcs
  10 giant cockroaches
  4 gnoll zombies (Ossuary)
  6 goblins
  5 hobgoblins
  6 jackals
  2 quokkas
  2 ball pythons
  4 bats
  7 frilled lizards
  2 goblin zombies (Ossuary)
  A jackal skeleton (D:4)
  4 kobolds
  A leopard gecko skeleton (D:4)
  An orc zombie (Ossuary)
  A quokka skeleton (D:4)
  3 rats
219 creatures vanquished.

Vanquished Creatures (others)
  A water moccasin zombie (D:7)
  A jelly (D:7)
2 creatures vanquished.

Grand Total: 221 creatures vanquished

Notes
Turn   | Place    | Note
-------+----------+-------------------------------------------
     0 | D:1      | Ivernyr the Deep Dwarf Hunter began the quest for the Orb.
     0 | D:1      | Reached XP level 1. HP: 19/19 MP: 1/1
   118 | D:1      | Reached XP level 2. HP: 19/26 MP: 2/2
   308 | D:1      | Reached skill level 5 in Crossbows
   464 | D:1      | Reached XP level 3. HP: 26/32 MP: 3/3
  1072 | D:3      | Reached skill level 1 in Armour
  1072 | D:3      | Reached XP level 4. HP: 28/39 MP: 4/4
  1279 | D:3      | Reached XP level 5. HP: 19/45 MP: 5/5
  1545 | D:4      | Noticed an ogre
  1549 | D:4      | Killed an ogre
  1549 | D:4      | Reached skill level 6 in Crossbows
  1569 | D:4      | Found a shattered altar of Ashenzari.
  1569 | D:4      | Found a blossoming altar of Fedhas.
  1570 | D:4      | Found a glowing silver altar of Zin.
  1584 | D:4      | Found a staircase to the Ecumenical Temple.
  1591 | Temple   | Entered the Ecumenical Temple
  1599 | Temple   | Became a worshipper of Elyvilon the Healer
  1854 | D:4      | Found a hazy altar of Hepliaklqana.
  1957 | D:4      | Reached * piety under Elyvilon
  2036 | D:4      | Reached XP level 6. HP: 37/52 MP: 5/5
  2064 | D:4      | Found a hide-covered altar of Uskayaw.
  2084 | D:4      | Reached skill level 1 in Invocations
  2576 | D:5      | Entered Level 5 of the Dungeon
  2628 | D:5      | Reached skill level 7 in Crossbows
  2693 | D:5      | Reached XP level 7. HP: 53/60 MP: 7/7
  2732 | D:5      | Noticed vlindergert's ghost (novice MiFi)
  2766 | D:5      | Killed vlindergert's ghost
  2766 | D:5      | Reached skill level 5 in Dodging
  2768 | D:5      | Reached skill level 8 in Crossbows
  2830 | D:5      | Found Zumo's Gadget Shoppe.
  2847 | D:5      | Reached XP level 8. HP: 56/67 MP: 8/10
  3061 | D:5      | Noticed Menkaure
  3074 | D:5      | Killed Menkaure
  3558 | D:6      | Reached skill level 5 in Armour
  3609 | D:6      | Reached skill level 5 in Invocations
  3642 | D:6      | Reached ** piety under Elyvilon
  3729 | D:6      | Reached skill level 9 in Crossbows
  4155 | D:6      | HP: 3/67 [ogre/giant club (20)]
  4156 | D:6      | Gained mutation: You passively map the area around you. [Deep Dwarf growth]
  4156 | D:6      | Reached XP level 9. HP: 4/73 MP: 12/12
  4182 | D:6      | Found a shadowy altar of Dithmenos.
  4281 | D:6      | Reached skill level 1 in Axes
  4725 | D:7      | Noticed Ivernyr's ghost (novice DDHu)
  4882 | D:7      | Found a sand-covered staircase.
  4887 | Ossuary  | Entered an ossuary
  5059 | Ossuary  | Reached skill level 10 in Crossbows
  6664 | D:8      | Found a bloodstained altar of Trog.
  6720 | D:8      | Reached skill level 11 in Crossbows
  6767 | D:8      | Reached XP level 10. HP: 55/80 MP: 11/11
  7089 | D:8      | HP: 4/80 [poisoned by a water moccasin]
  7794 | D:9      | Reached skill level 5 in Axes
  7905 | D:9      | Found Vopaesch's Book Shoppe.
  8074 | D:9      | Found a staircase to the Lair.
  8473 | Lair:1   | Entered Level 1 of the Lair of Beasts
  8473 | Lair:1   | Noticed a spiny frog
  8473 | Lair:1   | Noticed a spiny frog
  8473 | Lair:1   | Noticed a spiny frog
  8473 | Lair:1   | Noticed a spiny frog
  8487 | D:9      | Killed a spiny frog
  8487 | D:9      | Reached skill level 12 in Crossbows
  8519 | Lair:1   | Noticed a spiny frog
  8520 | Lair:1   | Noticed a spiny frog
  8530 | D:9      | HP: 3/80 [spiny frog (13)]
  8530 | D:9      | Mangled by a spiny frog

Skill      XL: |  1  2  3  4  5  6  7  8  9 10 |
---------------+-------------------------------+-----
Fighting       | 2 |  2.0
Crossbows      | 5 6 7 8 9 11 12 | 12.1
Dodging        | 3 4 5 6 7 |  7.5
Armour         | 1 2 3 4 5 6 |  6.1
Invocations    | 2 4 5 7 8 |  8.6
Axes           | 4 5 |  5.4
Stealth        | |  1.2

Action                   |  1- 3 |  4- 6 |  7- 9 | 10-12 || total
-------------------------+-------+-------+-------+-------++-------
Melee: Short sword       |    69 |       |       |       ||    69
       Hand axe          |    81 |    85 |   623 |   511 ||  1300
 Fire: Hand crossbow     |    11 |    57 |   189 |    15 ||   272
Invok: Lesser Healing    |       |     6 |   108 |    84 ||   198
 Abil: Heal Wounds       |     1 |     3 |    10 |    14 ||    28
  Use: Scroll            |       |       |       |    10 ||    10
       Potion            |       |       |       |     1 ||     1
 Stab: Sleeping          |     3 |       |       |       ||     3
  Eat: Chunk             |     1 |     6 |    15 |    16 ||    38
       Fruit             |       |       |     3 |       ||     3
       Meat ration       |       |       |     2 |     1 ||     3
       Royal jelly       |       |       |     2 |       ||     2
Armor: Leather armour    |    33 |    22 |   128 |   147 ||   330
Dodge: Dodged            |   127 |    64 |   548 |   493 ||  1232
